 Dungeon Crawl Stone Soup version 0.30-a0-824-g6c64550be9 (webtiles) character file.

Game seed: 11301283519266523767

51 Nacht the Sneak (level 3, 0/28 HPs)
             Began as a Naga Air Elementalist on Feb 28, 2023.
             Slain by an orc wizard
             ... wielding a +0 dagger
              (2 damage)
             ... on level 3 of the Dungeon.
             The game lasted 00:02:53 (1879 turns).

Nacht the Sneak (Naga Air Elementalist)             Turns: 1879, Time: 00:02:53

Health: 0/28       AC:  2    Str: 13    XL:     3   Next: 81%
Magic:  0/6        EV:  9    Int: 23    God:
Gold:   101        SH:  0    Dex: 11    Spells: 1/7 levels left

rFire   . . .      SeeInvis +    o - +10 hand axe "Paxaih" {holy, rC+ rCorr Str+3}
rCold   + . .      Faith    .    (no shield)
rNeg    . . .      Spirit   .    a - +0 robe
rPois   +          Reflect  .    (no helmet)
rElec   .          Harm     .    (no cloak)
rCorr   +          Rampage  .    (no gloves)
Will    .....                    (no barding)
Stlth   ++                       (no amulet)
HPRegen 0.24/turn                c - +6 ring of intelligence
MPRegen 0.10/turn                e - ring of flight

@: flying, very slow
A: AC +1, large, see invisible, deformed body, poison resistance, slowness 2,
spit poison 1, naga tail 1
a: Spit Poison


You were on level 3 of the Dungeon.
You visited 1 branch of the dungeon, and saw 3 of its levels.

You collected 101 gold pieces.

Inventory:

Hand Weapons
 b - a +0 short sword
 o - the +10 hand axe "Paxaih" (weapon) {holy, rC+ rCorr Str+3}
   (You found it on level 2 of the Dungeon)

   Str:       It affects your strength (+3).
   rC:        It protects you from cold.
   rCorr:     It protects you from acid and corrosion.
Armour
 a - a +0 robe (worn)
Jewellery
 c - a +6 ring of intelligence (left hand)
 e - a ring of flight (right hand)
 g - a ring of resist corrosion
Scrolls
 d - 2 scrolls of magic mapping {unknown}
 f - 2 scrolls of immolation {unknown}
 i - a scroll of fear {unknown}
 j - a scroll of enchant weapon {unknown}
 l - a scroll of poison {unknown}
 n - a scroll of identify {unknown}
Potions
 h - 2 potions of resistance {unknown}
 k - 2 potions of curing {unknown}
 m - a potion of degeneration {unknown}


   Skills:
 - Level 1.5 Dodging
 + Level 3.5 Stealth
 * Level 2.5 Spellcasting
 * Level 2.0 Conjurations
 * Level 3.5 Air Magic


You had one spell level left.
You knew the following spells:

 Your Spells              Type           Power      Damage    Failure   Level
a - Shock                 Conj/Air       60%        1d6       3%          1
b - Static Discharge      Conj/Air       30%        2-4/arc   6%          2
s - Swiftness             Air            19%        N/A       9%          3

Your spell library contained the following spells:

 Spells                   Type           Power      Damage    Failure   Level
 Airstrike                Air            9%         2d(2-18)  28%         4


Dungeon Overview and Level Annotations

Branches:
Dungeon (3/15)

Altars:


Innate Abilities, Weirdness & Mutations

Your serpentine skin is tough. (AC +1)
You have supernaturally acute eyesight. (SInv)
Armour fits poorly on your strangely shaped body.
Your system is resistant to poisons. (rPois)
You cover ground very slowly.
You can spit poison.
You have a snake-like lower body.


Message History

You see here 13 gold pieces.
The orc wizard casts a spell at you.
You are confused.
The orc wizard casts a spell at you. You resist with some effort.
Okay, then.
You feel less confused.
The orc wizard hits you with a +0 dagger.
Casting: Shock (safe; 3% risk of failure)
Confirm with . or Enter, or press ? or * to list all spells.
The orc wizard is struck by an arc of lightning.
The orc wizard is lightly wounded.
You are struck by an arc of lightning.
The orc wizard is struck by an arc of lightning.
The orc wizard is heavily wounded.
You are struck by an arc of lightning.
* * * LOW HITPOINT WARNING * * *
The lightning grounds out.
The orc wizard barely misses you.
Casting: Static Discharge (safe; 6% risk of failure)
Confirm with . or Enter, or press ? or * to list all spells.
You don't have enough magic to cast this spell.
Casting: Static Discharge (safe; 6% risk of failure)
Confirm with . or Enter, or press ? or * to list all spells.
Aiming: Shock (safe; 3% risk of failure)
Press: ? - help, Shift-Dir - straight line The zap misses the orc wizard. x2
The orc wizard gestures at you while chanting.
The puff of flame hits you.
* * * LOW HITPOINT WARNING * * *
Casting: Shock (safe; 3% risk of failure)
Confirm with . or Enter, or press ? or * to list all spells.
You don't have enough magic to cast this spell.
You closely miss the orc wizard.
The orc wizard is heavily wounded.
The orc wizard hits you with a +0 dagger.
* * * LOW HITPOINT WARNING * * *
You hit the orc wizard but do no damage.
The orc wizard is heavily wounded.
The orc wizard hits you with a +0 dagger.
You die...

........#.. .# #..
........#(## #.##..#.
#......$..# #.#..#..
#.........####.#....
#:......#.#.......#
#......##.#.......#
######.......#.o.......#
.............$..@......#
.............###.......#
....).$......# #.......#
..#..........# #.......#
#..........# ####...##
#.......!..# #...#
#..........# #...#
############ #<..# #...#


You could see an orc wizard.

Vanquished Creatures
  A dart slug (D:1)
  A worm (D:2)
  An orc (D:3)
  4 ball pythons
  6 bats
  4 endoplasms
  4 giant cockroaches
  6 hobgoblins
  2 quokkas (D:1)
  4 goblins (D:1)
  5 kobolds
  2 rats (D:1)
40 creatures vanquished.

Notes
Turn   | Place    | Note
-------+----------+-------------------------------------------
     0 | D:1      | Nacht the Naga Air Elementalist began the quest for the
                  | Orb.
     0 | D:1      | Reached XP level 1. HP: 15/15 MP: 3/3
   152 | D:1      | Reached XP level 2. HP: 22/22 MP: 1/5
   155 | D:1      | Learned a level 2 spell: Static Discharge
   611 | D:1      | Reached XP level 3. HP: 25/28 MP: 0/6
  1195 | D:2      | Learned a level 3 spell: Swiftness
  1280 | D:2      | Identified the +10 hand axe "Paxaih" {holy, rC+ rCorr
                  | Str+3}
  1879 | D:3      | Slain by an orc wizard

Illustrated notes

Levels and vault maps discovered:
D:1:      minmay_arrival_checkered_box, layout_basic, hex_intersection
D:2:      layout_basic
D:3:      layout_rooms, yredelemnul_altar_generic, lemuel_doored_altar,
          ebering_ghost_reflecting_pool

Skill      XL: |  1  2  3 |
---------------+----------+-----
Conjurations   | 2 |  2.0
Dodging        | |  1.5
Stealth        | |  3.5
Spellcasting   | |  2.5
Air Magic      | |  3.5

Action                     || total
---------------------------++-------
  Melee: Unarmed           ||     5
         Short sword       ||    23
         Punch             ||     1
         Hand axe          ||     2
   Cast: Shock             ||    56
         Static Discharge  ||    14
Ability: Spit Poison       ||     1
    Use: Potion            ||     1
 Armour: Robe              ||     5
  Dodge: Dodged            ||    23

Table legend: (Time is in decaauts)
 A = Elapsed time spent in this place.
 B = Non-inter-level travel time spent in this place.
 C = Inter-level travel time spent in this place.
 D = Time resting spent in this place.
 E = Time spent auto-exploring this place.
 F = Levels seen in this place.
 G = Mean time per level.
                   A        B        C        D        E       F      G
               +--------+--------+--------+--------+--------+-----+--------+
         Total |   2260 |   2169 |     91 |      0 |   1831 |   3 |  753.3 |
       Dungeon |   2260 |   2169 |     91 |      0 |   1831 |   3 |  753.3 |
               +--------+--------+--------+--------+--------+-----+--------+

Top non-repeatable levels by time:
     D:1: 1119 daAuts
     D:2: 1084 daAuts
     D:3: 56 daAuts
